 Dungeon Crawl Stone Soup version 0.31-a0-963-ga325b2283a (webtiles) character file.

Game seed: 5926906884936362101

493 zazu2006 the Magician (level 7, -3/57 HPs)
             Began as a Naga Hedge Wizard on Oct 25, 2023.
             Slain by Menkaure (15 damage)
             ... on level 5 of the Dungeon.
             The game lasted 00:06:53 (4062 turns).

zazu2006 the Magician (Naga Hedge Wizard)           Turns: 4062, Time: 00:06:54

Health: -3/57      AC:  3    Str: 12    XL:     7   Next: 15%
Magic:  5/14       EV: 10    Int: 17    God:
Gold:   174        SH:  0    Dex: 10    Spells: 10/16 levels left

rFire   . . .        i - staff of conjuration
rCold   . . .        (no shield)
rNeg    . . .        b - +0 robe
rPois   +            c - +0 hat
rElec   .            (no cloak)
rCorr   .            (no gloves)
SInv    +            (no barding)
Will    .....        o - amulet of the acrobat
Stlth   ++           (no ring)
HPRegen 0.29/turn    (no ring)
MPRegen 0.14/turn

%: acrobat
@: very slightly contaminated, very slow
A: AC +2, large, see invisible, deformed body, poison resistance, slowness 2,
spit poison 1, naga tail 1
a: Spit Poison


You were on level 5 of the Dungeon.
You visited 1 branch of the dungeon, and saw 5 of its levels.

You collected 174 gold pieces.

Inventory:

Hand Weapons
 a - a +0 dagger
Armour
 b - a +0 robe (worn)
 c - a +0 hat (worn)
Magical Staves
 i - a staff of conjuration (weapon)
Jewellery
 o - an amulet of the acrobat (around neck)
Scrolls
 e - 3 scrolls of identify
 h - 5 scrolls of teleportation
 j - a scroll of brand weapon {unknown}
 n - a scroll of enchant weapon
 p - a scroll of enchant armour {unknown}
 q - a scroll of acquirement {unknown}
 s - a scroll of poison {unknown}
Potions
 d - 2 potions of magic
 f - a potion of curing
 k - a potion of mutation
 l - a potion of degeneration {unknown}
 m - 2 potions of lignification {unknown}
 r - a potion of might {unknown}


   Skills:
 + Level 1.2 Fighting
 + Level 1.0 Staves
 + Level 3.1 Dodging
 + Level 4.1 Stealth
 + Level 5.2 Spellcasting
 + Level 3.3 Conjurations
 + Level 1.0 Summonings
 + Level 1.0 Translocations


You had 10 spell levels left.
You knew the following spells:

 Your Spells              Type           Power      Damage    Failure   Level
a - Magic Dart            Conj           92%        1d7       3%          1
b - Mephitic Cloud        Conj/Pois/Air  12%        N/A       26%         3
c - Blink                 Tloc           14%        N/A       14%         2

Your spell library contained the following spells:

 Spells                   Type           Power      Damage    Failure   Level
 Slow                     Hex            16%        N/A       14%         1
 Call Imp                 Summ           14%        N/A       14%         2
 Cigotuvi's Dreadful Rot  Necr/Pois/Air  8%         N/A       22%         2


Dungeon Overview and Level Annotations

Branches:
Dungeon (5/15)
 Temple: D:4-7

Altars:
Dithmenos
Nemelex Xobeh
Okawaru

Annotations:
D:3 2 transporters, LadyBoffin's ghost, amateur MfIE
D:4 1 transporter
D:5 Menkaure


Innate Abilities, Weirdness & Mutations

Your serpentine skin is tough. (AC +2)
You have supernaturally acute eyesight. (SInv)
Armour fits poorly on your strangely shaped body.
Your system is resistant to poisons. (rPois)
You cover ground very slowly.
You can spit poison.
You have a snake-like lower body.


Message History

Menkaure is heavily damaged.
Menkaure hits you!
* * * LOW HITPOINT WARNING * * *
You feel better. Menkaure barely misses you. x2
You feel better. Menkaure barely misses you.
You barely miss Menkaure.
Menkaure is heavily damaged.
Menkaure misses you.
Casting: Magic Dart (safe; 3% risk of failure)
Confirm with . or Enter, or press ? or * to list all spells.
Aiming: Magic Dart (safe; 3% risk of failure)
Press: ? - help, Shift-Dir - straight line, f/p - Menkaure
Aim: Menkaure (heavily damaged, fast, 100% to hit)
You feel a surge of power!
The magic dart hits Menkaure.
Menkaure is heavily damaged.
Menkaure points at you and mumbles some strange words.
Pain shoots through your body!
* * * LOW HITPOINT WARNING * * *
Unknown command.
Casting: Magic Dart (safe; 3% risk of failure)
Confirm with . or Enter, or press ? or * to list all spells.
Aiming: Magic Dart (safe; 3% risk of failure)
Press: ? - help, Shift-Dir - straight line, f/p - Menkaure
Aim: Menkaure (heavily damaged, fast, 100% to hit)
You feel a surge of power!
The magic dart hits Menkaure.
Menkaure is severely damaged.
Menkaure hits you.
* * * LOW HITPOINT WARNING * * *
Unknown command.
Casting: Magic Dart (safe; 3% risk of failure)
Confirm with . or Enter, or press ? or * to list all spells.
Aiming: Magic Dart (safe; 3% risk of failure)
Press: ? - help, Shift-Dir - straight line, f/p - Menkaure
Aim: Menkaure (severely damaged, fast, 100% to hit)
You feel a surge of power!
You miscast Magic Dart.
You are very lightly contaminated with residual magic.
Nothing appears to happen.
Menkaure barely misses you.
A dart slug comes into view.
Menkaure hits you!
You die...

#.........
##..w..#.##
#.........#
#..........
..###...#.....#
..........##...
..###..55....#
###M###### #@#
#.# #.#
.######## #.#
........######.#
#..††..<...#
.....#<.########
..#.....#
##.##.#


You could see Menkaure (fast), a dart slug (wandering) and 2 ufetubi.

Vanquished Creatures
  A black bear (D:4)
  3 scorpions
  A hound (D:2)
  2 iguanas (D:4)
  Robin (D:3)
  5 adders
  A worm (D:2)
  A dart slug (D:2)
  An orc (D:4)
  6 bats
  5 endoplasms
  2 giant cockroaches
  11 goblins
  10 hobgoblins
  7 jackals
  3 kobolds
  3 quokkas
  10 ball pythons
  6 frilled lizards
  8 rats
87 creatures vanquished.

Notes
Turn   | Place    | Note
-------+----------+-------------------------------------------
     0 | D:1      | zazu2006 the Naga Hedge Wizard began the quest for the Orb.
     0 | D:1      | Reached XP level 1. HP: 15/15 MP: 4/4
   190 | D:1      | Reached XP level 2. HP: 22/22 MP: 3/6
   556 | D:1      | HP: 1/22 [jackal (2)]
   834 | D:2      | Reached XP level 3. HP: 28/28 MP: 1/8
   995 | D:2      | Reached skill level 4 in Spellcasting
  1125 | D:2      | Reached XP level 4. HP: 27/36 MP: 10/10
  1861 | D:3      | Noticed Robin
  1936 | D:3      | Found a transporter.
  1969 | D:3      | Found an iron altar of Okawaru.
  1970 | D:3      | Found a transporter.
  1974 | D:3      | Noticed LadyBoffin's ghost (amateur MfIE)
  2352 | D:3      | Found a faded altar of an unknown god.
  2356 | D:3      | Reached XP level 5. HP: 42/42 MP: 8/11
  2460 | D:3      | Killed Robin
  2918 | D:4      | Found a shadowy altar of Dithmenos.
  2919 | D:4      | Noticed a black bear
  2935 | D:4      | Killed a black bear
  2936 | D:4      | Reached XP level 6. HP: 10/50 MP: 3/13
  3141 | D:4      | Learned a level 3 spell: Mephitic Cloud
  3144 | D:4      | Learned a level 2 spell: Blink
  3281 | D:4      | Reached skill level 5 in Spellcasting
  3418 | D:4      | Reached skill level 1 in Fighting
  3801 | D:4      | Found a sparkling altar of Nemelex Xobeh.
  3801 | D:4      | Found a transporter.
  3993 | D:5      | Entered Level 5 of the Dungeon
  4020 | D:5      | Reached skill level 1 in Staves
  4020 | D:5      | Reached XP level 7. HP: 45/57 MP: 12/14
  4044 | D:5      | Noticed Menkaure
  4056 | D:5      | HP: 2/57 [Menkaure (13)]
  4062 | D:5      | Slain by Menkaure

Illustrated notes

Levels and vault maps discovered:
D:1:      minmay_arrival_four_circles, layout_basic
D:2:      layout_loops_cross, grunt_decor_arrowhead, kennysheep_big_empty_room
D:3:      layout_basic, okawaru_trees_1, ebering_ecumenical_altar_mist,
          gammafunk_ghost_mausoleum, kennysheep_generic_room_16, uniq_robin
D:4:      layout_loops_corners, nicolae_dithmenos_the_darkroom,
          grunt_nemelex_the_gamble, nicolae_figureground_pulse
D:5:      layout_loops_cross, nicolae_yredelemnul_corpse_copse,
          gup_sewer_entry_bubbles, nicolae_letterblocks
          [nicolae_letter_subblock, nicolae_letter_subblock,
          nicolae_letter_subblock, nicolae_letter_subblock,
          nicolae_letter_subblock, nicolae_letter_subblock,
          nicolae_letter_subblock, nicolae_letter_subblock,
          nicolae_letter_subblock, nicolae_letter_subblock,
          nicolae_letter_subblock, nicolae_letter_subblock,
          nicolae_letter_subblock, nicolae_letter_subblock,
          nicolae_letter_subblock, nicolae_letter_subblock,
          nicolae_letter_subblock, nicolae_letter_subblock,
          nicolae_letter_subblock, nicolae_letter_subblock,
          nicolae_letter_subblock, nicolae_letter_subblock,
          nicolae_letter_subblock, nicolae_letter_subblock,
          nicolae_letter_subblock], uniq_grinder, uniq_menkaure, uniq_ijyb

Skill      XL: |  1  2  3  4  5  6  7 |
---------------+----------------------+-----
Spellcasting   | 4 5 |  5.2
Dodging        | 2 3 |  3.1
Conjurations   | 2 3 |  3.3
Stealth        | 4 |  4.1
Fighting       | 1 |  1.2
Staves         | 1 |  1.0
Summonings     | |  1.0
Translocations | |  1.0

Action                     |  1- 3 |  4- 6 |  7- 9 || total
---------------------------+-------+-------+-------++-------
  Melee: Staff             |    33 |    46 |     5 ||    84
         Punch             |     1 |     2 |       ||     3
   Cast: Magic Dart        |    49 |   126 |    10 ||   185
         Mephitic Cloud    |       |       |     1 ||     1
Ability: Spit Poison       |     7 |    20 |     2 ||    29
    Use: Potion            |       |     1 |     4 ||     5
         Scroll            |       |     1 |     2 ||     3
 Armour: Robe              |    32 |    85 |     9 ||   126
  Dodge: Dodged            |    22 |    97 |     9 ||   128

Table legend: (Time is in decaauts)
 A = Elapsed time spent in this place.
 B = Non-inter-level travel time spent in this place.
 C = Inter-level travel time spent in this place.
 D = Time resting spent in this place.
 E = Time spent auto-exploring this place.
 F = Levels seen in this place.
 G = Mean time per level.
                   A        B        C        D        E       F      G
               +--------+--------+--------+--------+--------+-----+--------+
         Total |   4921 |   4832 |     89 |     18 |   4189 |   5 |  984.2 |
       Dungeon |   4921 |   4832 |     89 |     18 |   4189 |   5 |  984.2 |
               +--------+--------+--------+--------+--------+-----+--------+

Top non-repeatable levels by time:
     D:4: 1544 daAuts
     D:2: 1362 daAuts
     D:3: 1023 daAuts
     D:1: 909 daAuts
     D:5: 81 daAuts
